 Dungeon Crawl Stone Soup version 0.30-a0-219-gf2db51d15e (webtiles) character file.

Game seed: 5969160190297459341

91 zishaf the Sneak (level 4, -10/23 HPs)
             Began as a Vine Stalker Brigand on Oct 6, 2022.
             Killed by divine providence
             ... invoked by an orc priest
              (14 damage)
             ... on level 3 of the Dungeon.
             The game lasted 00:04:36 (1625 turns).

zishaf the Sneak (Vine Stalker Brigand)             Turns: 1625, Time: 00:04:37

Health: -10/23     AC:  7    Str: 14    XL:     4   Next: 59%
Magic:  0/5        EV:  9    Int: 11    God:
Gold:   146        SH: 11    Dex: 29    Spells: 3/3 levels left

rFire   . . .      SeeInvis .    a - +2 dagger
rCold   . . .      Faith    .    i - +0 kite shield
rNeg    . . .      Spirit   +    t - +0 ring mail
rPois   .          Reflect  .    (no helmet)
rElec   .          Harm     .    c - +0 cloak
rCorr   .          Rampage  .    (no gloves)
Will    .....                    q - +0 pair of boots
Stlth   +++.......               (no amulet)
HPRegen 1.03/turn                j - +6 ring of dexterity
MPRegen 0.09/turn                p - +6 ring of dexterity

@: no status effects
A: fangs 2, regeneration 1, magic shield, antimagic bite, no potion heal 2
a: no special abilities


You were on level 3 of the Dungeon.
You visited 1 branch of the dungeon, and saw 3 of its levels.

You collected 146 gold pieces.

Inventory:

Hand Weapons
 a - a +2 dagger (weapon)
Missiles
 d - 9 poisoned darts (quivered)
 e - 3 curare-tipped darts
Armour
 b - a +0 robe
 c - a +0 cloak (worn)
 i - a +0 kite shield (worn)
 q - a +0 pair of boots (worn)
 t - a +0 ring mail (worn)
Jewellery
 j - a +6 ring of dexterity (left hand)
 p - a +6 ring of dexterity (right hand)
Scrolls
 h - a scroll of summoning {unknown}
 k - 2 scrolls of identify {unknown}
 l - 3 scrolls of enchant weapon {unknown}
 m - 3 scrolls of enchant armour {unknown}
 s - a scroll of vulnerability {unknown}
 u - a scroll of amnesia {unknown}
 x - a scroll of blinking {unknown}
 y - a scroll of magic mapping {unknown}
Potions
 f - a potion of mutation {unknown}
 g - a potion of degeneration {unknown}
 n - 2 potions of lignification {unknown}
 o - a potion of resistance {unknown}
 r - a potion of heal wounds {unknown}
 v - 2 potions of cancellation {unknown}
 w - a potion of brilliance {unknown}


   Skills:
 + Level 2.7 Fighting
 + Level 2.6 Short Blades
 - Level 2.0 Throwing
 - Level 1.0 Dodging
 - Level 5.0 Stealth
 + Level 1.6 Shields


You had 3 spell levels left.
You didn't know any spells.
Your spell library contained the following spells:

 Spells                   Type           Power      Damage    Failure   Level
 Cigotuvi's Dreadful Rot  Necr/Pois/Air  0%         N/A       98%         2
 Dispel Undead            Necr           0%         3d6       100%        4
 Death Channel            Necr           0%         N/A       100%        6


Dungeon Overview and Level Annotations

Branches:
Dungeon (3/15)

Altars:

Shops:
D:2 :


Innate Abilities, Weirdness & Mutations

You have extremely sharp teeth.
Your natural rate of healing is unusually fast.
When hurt, damage is shared between your health and your magic reserves.
Your bite disrupts and absorbs the magic of your enemies.
Potions cannot restore your health.


Message History

The orc shouts!
The orc priest shouts! x2
The orc throws a boomerang.
The boomerang hits you but does no damage.
The orc priest looks encouraged for a moment.
You closely miss the orc. You block the orc's attack.
You hit the orc.
The orc is heavily wounded.
The orc hits you with a +0 hand axe.
You hit the orc.
You kill the orc!
The orc throws a stone.
You block the stone. You block the orc's attack.
The orc throws a stone.
The stone hits you.
You hit the orc. Your bite misses the orc.
The orc is severely wounded.
You block the orc's attack.
The orc priest mumbles some strange prayers to Beogh against you.
Beogh smites you!
You hit the orc.
You kill the orc!
The orc barely misses you.
You hit the orc priest.
The orc priest is lightly wounded.
You block the orc's attack.
The orc priest hits you with a +0 dagger.
The orc priest looks satisfied for a moment.
You barely miss the orc priest.
The orc priest is lightly wounded.
You block the orc's attack.
The orc priest hits you with a +0 dagger.
The orc hits you but does no damage.
The orc priest calls down the wrath of Beogh upon you.
Beogh smites you!
* * * LOW HITPOINT WARNING * * *
You hit the orc priest.
The orc priest is moderately wounded.
You block the orc's attack. The orc priest misses you.
The orc priest mumbles some strange prayers to Beogh against you.
Beogh smites you!
Ouch! That really hurt!
You die...

#≈ #≈####........... ≈#≈
#≈......#.....##. ....
#≈##..########### #≈.≈
#≈##..#
##≈.≈#####≈....###########
≈≈≈.≈≈≈≈≈≈≈...............
# #...........############
##.##.###.#o#####
..........#@#
..........#o#
......o...ro#
......o..#..#
.....o...#### .........#
.........# ##########


You could see 2 orc priests, an orc and a rat.

Vanquished Creatures
  2 adders
  3 dart slugs (D:1)
  5 orcs (D:3)
  6 ball pythons
  5 endoplasms
  4 giant cockroaches
  6 goblins
  4 hobgoblins
  2 jackals (D:1)
  4 quokkas
  4 bats
  5 frilled lizards
  5 rats
  A spectral goblin (D:1)
56 creatures vanquished.

Notes
Turn   | Place    | Note
-------+----------+-------------------------------------------
     0 | D:1      | zishaf the Vine Stalker Brigand began the quest for the
                  | Orb.
     0 | D:1      | Reached XP level 1. HP: 11/11 MP: 2/2
   154 | D:1      | Reached skill level 1 in Dodging
   154 | D:1      | Reached XP level 2. HP: 15/15 MP: 3/3
   159 | D:1      | Reached skill level 5 in Stealth
   482 | D:1      | Found a faded altar of an unknown god.
   499 | D:1      | Reached XP level 3. HP: 18/18 MP: 4/4
   676 | D:1      | Reached skill level 1 in Shields
  1069 | D:2      | Found Oquadd's Book Emporium.
  1209 | D:2      | Gained mutation: Your natural rate of healing is unusually
                  | fast. [Vine Stalker growth]
  1209 | D:2      | Reached XP level 4. HP: 23/23 MP: 5/5
  1625 | D:3      | Killed from afar by an orc priest

Illustrated notes

Levels and vault maps discovered:
D:1:      erik_arrival_triangle_medium, layout_loops_ring,
          dreamdust_ecumenical_altar_drowned_temple, minmay_misc_feat_ornament,
          chequers_garden
D:2:      layout_basic, serial_shops, nicolae_shop_crystal
D:3:      layout_rooms, nicolae_overflow_two_pavilions,
          minmay_misc_feat_more_columns, minmay_goblin_outpost

Skill      XL: |  1  2  3 |
---------------+----------+-----
Dodging        | 1 |  1.0
Stealth        | 5 |  5.0
Fighting       | 2 |  2.7
Throwing       | 2 |  2.0
Short Blades   | 2 |  2.6
Shields        | 1 |  1.6

Action                   |  1- 3 |  4- 6 || total
-------------------------+-------+-------++-------
Melee: Dagger            |    85 |    40 ||   125
       Bite              |    12 |    11 ||    23
 Stab: Sleeping          |    14 |     5 ||    19
Armor: Robe              |    18 |       ||    18
       Ring mail         |       |    10 ||    10
Dodge: Dodged            |    23 |     5 ||    28
Block: Kite shield       |    26 |    18 ||    44

Table legend: (Time is in decaauts)
 A = Elapsed time spent in this place.
 B = Non-inter-level travel time spent in this place.
 C = Inter-level travel time spent in this place.
 D = Time resting spent in this place.
 E = Time spent auto-exploring this place.
 F = Levels seen in this place.
 G = Mean time per level.
                   A        B        C        D        E       F      G
               +--------+--------+--------+--------+--------+-----+--------+
         Total |   1638 |   1606 |     32 |     28 |   1112 |   3 |  546.0 |
       Dungeon |   1638 |   1606 |     32 |     28 |   1112 |   3 |  546.0 |
               +--------+--------+--------+--------+--------+-----+--------+

Top non-repeatable levels by time:
     D:1: 1022 daAuts
     D:2: 377 daAuts
     D:3: 237 daAuts
